 Dungeon Crawl Stone Soup version 0.23-a0-619-g281719c (webtiles) character file.

401 Leeroy the Conjurer (level 6, 0/33 HPs)
             Began as a Tengu Conjurer on Dec 22, 2018.
             Succumbed to an adder's poison
             ... on level 3 of the Dungeon.
             The game lasted 00:13:34 (3788 turns).

Leeroy the Conjurer (Tengu Conjurer)                Turns: 3788, Time: 00:13:35

Health: 0/33       AC:  2    Str:  9    XL:     6   Next: 85%
Magic:  8/11       EV: 16    Int: 17    God:
Gold:   174        SH:  0    Dex: 14    Spells: 1/11 levels left

rFire    . . .     SeeInvis .   g - +4 dagger
rCold    . . .     Gourm    .   (no shield)
rNeg     . . .     Faith    .   a - +0 robe
rPois    .         Spirit   .   (helmet restricted)
rElec    .         Reflect  .   (no cloak)
rCorr    .         Harm     .   (no gloves)
MR       .....                  (boots unavailable)
Stlth    ++........             (no amulet)
HPRegen  0.11/turn              (no ring)
MPRegen  0.12/turn              (no ring)

@: lethally poisoned (0 -> -4), flying quickly and evasively, quick
A: beak, talons 3, able to fly 1
a: no special abilities


You were on level 3 of the Dungeon.
You were not hungry.

You visited 1 branch of the dungeon, and saw 4 of its levels.

You collected 174 gold pieces.

Inventory:

Hand Weapons
 f - a cursed -2 hunting sling
 g - a +4 dagger (weapon)
 h - a +0 short sword
 s - a +0 spear
 v - a +0 dagger of venom
 x - a +0 falchion
 y - a +0 hunting sling
 B - a +1 dagger of venom
Missiles
 e - 22 bolts
 i - 106 stones (quivered)
 k - 22 arrows
Armour
 a - a +0 robe (worn)
Jewellery
 d - an uncursed ring of wizardry {unknown}
 q - an uncursed amulet of harm {unknown}
Wands
 z - a wand of flame (8)
Scrolls
 j - a scroll of immolation
 m - 2 scrolls of identify {unknown}
 o - 2 scrolls of remove curse
 p - 2 scrolls of magic mapping {unknown}
 w - a scroll of fear {unknown}
 D - 3 scrolls of fog {unknown}
 G - a scroll of blinking {unknown}
Potions
 b - 2 potions of resistance {unknown}
 l - a potion of degeneration {unknown}
 n - a potion of haste {unknown}
 r - 2 potions of magic {unknown}
 t - 2 potions of flight {unknown}
 u - a potion of curing {unknown}
 A - a potion of might {unknown}
 C - a potion of heal wounds {unknown}
 E - a potion of agility {unknown}
 F - a potion of ambrosia {unknown}
Comestibles
 c - 4 rations
 H - 3 chunks of flesh


   Skills:
 - Level 0.3 Fighting
 * Level 3.8 Short Blades
 + Level 2.9 Dodging
 - Level 2.9 Stealth
 - Level 3.1 Spellcasting
 * Level 7.4 Conjurations
 - Level 0.1 Hexes


You had one spell level left.
You knew the following spells:

 Your Spells              Type           Power        Failure   Level  Hunger
a - Magic Dart            Conj           ####         1%          1    None
b - Searing Ray           Conj           ####..       1%          2    ##.....
c - Dazzling Spray        Conj/Hex       ###...       11%         3    ###....
d - Iskenderun's Mystic   Conj           ####....     8%          4    ####...

Your spell library contained the following spells:

 Spells                   Type           Power        Failure   Level  Hunger
 Fulminant Prism          Conj/Hex       ###.......   34%         4    ####...
 Force Lance              Conj/Tloc      ###.....     36%         4    ####...


Dungeon Overview and Level Annotations

Branches:
Dungeon (4/15)
 Temple: D:4-7

Altars:
Elyvilon
Kikubaaqudgha
Yredelemnul


Innate Abilities, Weirdness & Mutations

You have a beak for a mouth.
You have claws for feet.
You can fly.


Message History

Your movement speed is average.
Your attack speed is above average.
Okay, then.
The iguana hisses menacingly.
There is a stone staircase leading up here.
The adder barely misses you.
You climb upwards.
There is a stone staircase leading down here.
Unknown command.
The adder misses you. The adder bites you.
* * * LOW HITPOINT WARNING * * *
Okay, then.
Okay, then.
You swoop lightly up into the air.
You feel very comfortable in the air.
You feel somewhat more hungry. The adder misses you. The adder bites you.
* * * LOW HITPOINT WARNING * * *
You are lethally poisoned!
The adder poisons you!
You die...

#.##...#
######÷##
#[.....#
#÷....).
####.###
###)###.## #.#
#.....#.## #.#
#<....#... #.#
#.....#### #.#
#.....# #.#
#.....#
#@#####
#######
#..S..#####
#####.....#
#.###.########
#.# #.........
#.###>########
#.....#
#...### #####


You could see an adder.

Vanquished Creatures
  A scorpion (D:3)
  2 howler monkeys
  An orc priest (D:3)
  2 centaur skeletons (D:4)
  Jessica (D:2)
  Ijyb (D:4)
  2 adders (D:3)
  2 oozes
  A worm (D:3)
  2 dart slugs
  4 leopard geckos
  6 orcs
  12 giant cockroaches
  14 goblins
  5 hobgoblins
  3 jackals (D:1)
  A quokka (D:3)
  A ball python (D:3)
  9 bats
  5 frilled lizards
  8 kobolds
  9 rats
92 creatures vanquished.

Notes
Turn   | Place    | Note
-------+----------+-------------------------------------------
     0 | D:1      | Leeroy the Tengu Conjurer began the quest for the Orb.
     0 | D:1      | Reached XP level 1. HP: 10/10 MP: 4/4
   146 | D:1      | Reached XP level 2. HP: 15/15 MP: 4/6
   200 | D:1      | Learned a level 2 spell: Searing Ray
   387 | D:1      | Reached XP level 3. HP: 19/19 MP: 3/7
   392 | D:1      | Learned a level 3 spell: Dazzling Spray
   402 | D:1      | Reached skill level 6 in Conjurations
   647 | D:1      | Reached skill level 1 in Short Blades
   997 | D:2      | Reached XP level 4. HP: 24/24 MP: 0/9
  1250 | D:2      | Noticed Jessica
  1264 | D:2      | Killed Jessica
  1264 | D:2      | Gained mutation: You can fly. [Tengu growth]
  1264 | D:2      | Reached XP level 5. HP: 21/28 MP: 3/10
  2162 | D:3      | Reached skill level 7 in Conjurations
  2218 | D:3      | Reached XP level 6. HP: 16/33 MP: 3/11
  2242 | D:3      | Learned a level 4 spell: Iskenderun's Mystic Blast
  2729 | D:3      | Found a faded altar of an unknown god.
  2729 | D:3      | Found a faded altar of an unknown god.
  2734 | D:3      | Found an ancient bone altar of Kikubaaqudgha.
  2736 | D:3      | Found a white marble altar of Elyvilon.
  2738 | D:3      | Found a basalt altar of Yredelemnul.
  3102 | D:4      | Found Loqip's Assorted Antiques.
  3343 | D:4      | Noticed Ijyb
  3379 | D:4      | Killed Ijyb
  3787 | D:3      | HP: 1/33 [adder (2)]
  3788 | D:3      | Succumbed to an adder's poison

Vault maps used:
D:1:      grunt_arrival_crossed_arrows, roderic_roman_lattice,
          roderic_lattice_a, st_stairs_1
D:2:      minmay_worlds_worst_comb, uniq_jessica
D:3:      chequers_temple_overflow_minitemple, first_ration
D:4:      serial_shops, nicolae_shop_waterfront, lightli_minifort, uniq_ijyb

Skill      XL: |  1  2  3  4  5  6 |
---------------+-------------------+-----
Conjurations   | 6 7 |  7.4
Short Blades   | 1 2 3 |  3.8
Spellcasting   | 3 |  3.1
Fighting       | |  0.3
Dodging        | |  2.9
Stealth        | |  2.9
Hexes          | |  0.1

Action                   |  1- 3 |  4- 6 || total
-------------------------+-------+-------++-------
Melee: Unarmed           |     6 |       ||     6
       Kick              |     5 |    18 ||    23
       Dagger            |    15 |    86 ||   101
       Peck              |     3 |    14 ||    17
Throw: Stone             |       |     6 ||     6
 Cast: Magic Dart        |    57 |    34 ||    91
       Dazzling Spray    |       |    17 ||    17
       Searing Ray       |       |     3 ||     3
 Abil: Fly               |       |     1 ||     1
  Use: Scroll            |       |     4 ||     4
 Stab: Sleeping          |     3 |     1 ||     4
       Invisible         |       |     4 ||     4
       Distracted        |       |     1 ||     1
  Eat: Chunk             |     1 |     8 ||     9
       Ration            |       |     1 ||     1
Armor: Robe              |     4 |    11 ||    15
Dodge: Dodged            |    24 |    50 ||    74

Table legend:
 A = Non-vault XP
 B = Vault XP
 C = Vault XP percentage of total XP
 D = Non-vault monster count
 E = Vault monster count
 F = Vault count percentage of total count
                 A         B        C        D         E       F
            +---------+---------+-------+---------+---------+-------
      Total |     485 |      89 |  15.5 |      82 |      10 |  10.9
            +---------+---------+-------+---------+---------+-------
        D:1 |      54 |       4 |   6.9 |      33 |       2 |   5.7
        D:2 |      83 |      49 |  37.1 |      14 |       7 |  33.3
        D:3 |     202 |       0 |   0.0 |      30 |       0 |   0.0
        D:4 |     146 |      36 |  19.8 |       5 |       1 |  16.7
            +---------+---------+-------+---------+---------+-------
